 Dungeon Crawl Stone Soup version 0.17.1-1-g73c8601 (webtiles) character file.

88 Implojin the Ruffian (level 4, -2/44 HPs)
             Began as a Troll Fighter on Apr 4, 2016.
             Slain by a slave (10 damage)
             ... led by Pikel
             ... on level 5 of the Dungeon.
             The game lasted 00:03:32 (548 turns).

Implojin the Ruffian (Troll Fighter)                 Turns: 548, Time: 00:03:33

Health: -2/44      AC:  5    Str: 29    XL:     4   Next: 29%
Magic:  3/3        EV:  3    Int:  4    God:
Gold:   48         SH:  9    Dex: 10    Spells: 0 memorised, 3 levels left

rFire  . . .     SeeInvis .       - Unarmed
rCold  . . .     Clarity  .     a - +0 robe
rNeg   . . .     SustAt   .     b - +0 shield
rPois  .         Gourm    +     (helmet restricted)
rElec  .         Spirit   .     (no cloak)
rCorr  .         Warding  .     (gloves unavailable)
rMut   .         Stasis   .     (boots unavailable)
MR     .....                    (no amulet)
Stlth  +.........               (no ring)
                                (no ring)

@: mighty, not resistant to hostile enchantments, very unstealthy
A: unfitting armour, claws 3, fast metabolism 3, gourmand, regeneration 2,
shaggy fur 1, tough skin 2
a: no special abilities


You were on level 5 of the Dungeon.
You were full.

You visited 1 branch of the dungeon, and saw 6 of its levels.

You collected 48 gold pieces.

Inventory:

Hand Weapons
 i - a +0 blowgun
Missiles
 j - 6 javelins (quivered)
Armour
 a - a +0 robe (worn)
 b - a +0 shield (worn)
Scrolls
 l - a scroll of enchant armour {unknown}
 o - a scroll of teleportation {unknown}
 p - a scroll of identify {unknown}
Potions
 e - a potion of lignification {unknown}
 g - 2 potions of curing {unknown}
 h - a potion of flight {unknown}
 n - a potion of resistance {unknown}
Comestibles
 d - 2 bread rations
 f - a meat ration
 m - a beef jerky


   Skills:
 - Level 2.4 Fighting
 - Level 2.4 Dodging
 - Level 2.4 Shields
 * Level 4.6 Unarmed Combat


You had 3 spell levels left.
You didn't know any spells.

Dungeon Overview and Level Annotations

Branches:
Dungeon (6/15)
 Temple: D:4-7

Altars:
Nemelex Xobeh

Annotations:
D:5 Eustachio, Pikel


Innate Abilities, Weirdness & Mutations

You are too large for most types of armour.
You have claws for hands.
Your metabolism is lightning-fast.
You like to eat raw meat.
You heal very quickly.
You are covered in fur (AC +1).
You have very tough skin (AC +2).


Message History

You claw the adder!
You kill the adder!
You scratch the giant gecko.
The giant gecko is heavily wounded.
The giant gecko bites you.
* * * LOW HITPOINT WARNING * * *
The giant gecko bites you.
* * * LOW HITPOINT WARNING * * *
You miss the giant gecko.
The giant gecko is heavily wounded.
The giant gecko bites you but does no damage.
You barely miss the giant gecko.
The giant gecko is heavily wounded.
You block the giant gecko's attack.
Unknown command.
You claw the giant gecko!
You kill the giant gecko!
You see here an adder corpse.
You found a teleport trap!
Really walk into that teleport trap?
Okay, then.
You see here an adder corpse.
There is a stone staircase leading up here.
Drink which item? (? for menu, Esc to quit)
You feel very mighty all of a sudden.
Unknown command.
You climb upwards.
You hear the sound of rushing water.
There is an entrance to a sewer on this level.
Hurry and find it before the portal rusts away!
You hear the brisk rusting of a very distant drain.
Level annotation: Eustachio, Pikel A worm comes into view.
You block the ogre's attack. Pikel hits you with a whip of flaming!
Pikel burns you. The slave hits you!
* * * LOW HITPOINT WARNING * * *
There is a stone staircase leading down here.
Pikel hits you but does no damage. The ogre hits you with a giant club!
* * * LOW HITPOINT WARNING * * *
You block the slave's attack. The slave hits you!
You die...

...............................
........................(.......
.................................
.................................
.................................
.................................
.................†...............
..............p..................
..............pw@p...............
...............OKp...............
...........................$.....
.................................
.................................
.................................
.................................
.................................
.................................


You could see Pikel, an ogre, 4 slaves and a worm.

Vanquished Creatures
  Jessica (D:3)
  An iguana (D:5)
  An adder (D:6)
  2 adder zombies (D:5)
  A worm (D:2)
  5 giant geckos
  2 hobgoblins (D:2)
  A jackal (D:2)
  A bat (D:2)
  A giant newt (D:2)
  A kobold (D:2)
  2 rats
19 creatures vanquished.

Notes
Turn   | Place    | Note
--------------------------------------------------------------
     0 | D:1      | Implojin the Troll Fighter began the quest for the Orb.
     0 | D:1      | Reached XP level 1. HP: 22/22 MP: 0/0
    45 | D:2      | Found a sparkling altar of Nemelex Xobeh.
    81 | D:2      | Reached XP level 2. HP: 29/29 MP: 1/1
   133 | D:3      | Noticed Jessica
   138 | D:3      | Killed Jessica
   138 | D:3      | Reached skill level 3 in Unarmed Combat
   138 | D:3      | Reached XP level 3. HP: 18/36 MP: 2/2
   171 | D:5      | Entered Level 5 of the Dungeon
   370 | D:5      | Reached skill level 4 in Unarmed Combat
   370 | D:5      | Reached XP level 4. HP: 44/44 MP: 3/3
   463 | D:5      | Noticed Eustachio
   473 | D:5      | Noticed a slave
   475 | D:5      | Noticed Pikel
   475 | D:5      | Noticed a slave
   476 | D:5      | Noticed a slave
   477 | D:5      | Noticed a slave
   488 | D:5      | Noticed an ogre
   548 | D:5      | Slain by a slave

Action                   |  1- 3 |  4- 6 || total
-------------------------+-------+-------++-------
Melee: Unarmed           |    45 |    34 ||    79
  Use: Scroll            |       |     1 ||     1
       Potion            |       |     1 ||     1
  Eat: Chunk             |     6 |     1 ||     7

Table legend:
 A = Turns spent in this place as a percentage of turns spent in the entire game.
 B = Non-inter-level travel turns spent in this place as a percentage of non-inter-level travel turns spent in the entire game.
 C = Inter-level travel turns spent in this place as a percentage of turns spent in this place.
 D = Turns resting spent in this place as a percentage of non-inter-level travel turns spent in this place.
 E = Turns spent auto-exploring this place as a percentage of non-inter-level travel turns spent in this place.
 F = Non-inter-level travel turns spent in this place divided by the number of levels of this place that you've seen.
                   A       B       C       D       E      F
               +-------+-------+-------+-------+-------+----------------------
         Total | 100.0 | 100.0 |   0.0 |   0.0 |   0.0 |  90.7
       Dungeon | 100.0 | 100.0 |   0.0 |   0.0 |   0.0 |  90.7
               +-------+-------+-------+-------+-------+----------------------

Table legend:
 A = Kills in this place as a percentage of kills in entire the game.
 B = Kills by you in this place as a percentage of kills by you in the entire game.
 C = Kills by friends in this place as a percentage of kills by friends in the entire game.
 D = Other kills in this place as a percentage of other kills in the entire game.
 E = Experience gained in this place as a percentage of experience gained in the entire game.
 F = Experience gained in this place divided by the number of levels of this place that you have seen.
                   A       B       C       D       E      F
               +-------+-------+-------+-------+-------+----------------------
         Total | 100.0 | 100.0 |  -nan |  -nan | 100.0 |  21.0
       Dungeon | 100.0 | 100.0 |  -nan |  -nan | 100.0 |  21.0
               +-------+-------+-------+-------+-------+----------------------
